 Dungeon Crawl Stone Soup version 0.28.0-43-g3370ac3207 (webtiles) character file.

Game seed: 9491537197684189407

360 Revguard the Skirmisher (level 6, 0/56 HPs)
             Began as a Hill Orc Fighter on Mar 11, 2022.
             Succumbed to a water moccasin's poison
             ... on level 4 of the Dungeon.
             The game lasted 00:11:27 (3956 turns).

Revguard the Skirmisher (Hill Orc Fighter)          Turns: 3956, Time: 00:11:27

Health: 0/56       AC:  7    Str: 19    XL:     6   Next: 65%
Magic:  6/6        EV: 10    Int:  8    God:
Gold:   210        SH:  6    Dex: 12    Spells: 5/5 levels left

rFire   . . .      SeeInvis .   a - +1 war axe (freeze)
rCold   . . .      Faith    .   c - +1 buckler
rNeg    . . .      Spirit   .   b - +0 scale mail
rPois   .          Reflect  .   (no helmet)
rElec   .          Harm     .   (no cloak)
rCorr   .          Rampage  .   (no gloves)
Will    .....                   (no boots)
Stlth   ..........              (no amulet)
HPRegen 0.18/turn               (no ring)
MPRegen 0.10/turn               (no ring)

@: mighty, lethally poisoned (0 -> -2)
A: no striking features
a: no special abilities


You were on level 4 of the Dungeon.
You visited 1 branch of the dungeon, and saw 4 of its levels.

You collected 210 gold pieces.

Inventory:

Hand Weapons
 a - a +1 war axe of freezing (weapon)
Armour
 b - a +0 scale mail (worn)
 c - a +1 buckler (worn)
Scrolls
 f - a scroll of teleportation
Potions
 h - a potion of flight


   Skills:
 + Level 5.0 Fighting
 + Level 4.6 Axes
 + Level 4.5 Armour
 + Level 2.1 Dodging
 + Level 4.6 Shields


You had 5 spell levels left.
You didn't know any spells.
Your spell library was empty.

Dungeon Overview and Level Annotations

Branches:
Dungeon (4/15)
 Temple: D:4-7

Altars:
Xom
Zin

Annotations:
D:4 2 runed translucent doors


Message History

You feel very mighty all of a sudden.
You feel very sick. The water moccasin bites you. The orc barely misses you.
You feel better.
The water moccasin bites you but does no damage.
The orc hits you with a +0 mace. The water moccasin bites you.
* * * LOW HITPOINT WARNING * * *
You are lethally poisoned!
The water moccasin poisons you!
Okay, then.
Okay, then.
You slash the water moccasin!
The water moccasin seems to slow down.
You freeze the water moccasin.
The water moccasin is heavily wounded.
You closely miss the orc.
* * * LOW HITPOINT WARNING * * *
You feel very sick. The orc closely misses you.
The water moccasin barely misses you. You block the orc's attack.
You slice the water moccasin!! You freeze the water moccasin.
You kill the water moccasin!
You hit the orc. You freeze the orc.
You kill the orc!
* * * LOW HITPOINT WARNING * * *
You feel very sick.
Your Fighting skill increases to level 5!
Your Dodging skill increases to level 2!
* * * LOW HITPOINT WARNING * * *
You feel sick.
There is a large open translucent door, spattered with blood here.
You see here a water moccasin corpse.
* * * LOW HITPOINT WARNING * * *
You feel sick.
* * * LOW HITPOINT WARNING * * *
You feel sick.
* * * LOW HITPOINT WARNING * * *
You feel sick.
* * * LOW HITPOINT WARNING * * *
You feel sick.
You die...

.Z.. ...
..#####
..... ....
##++## #
##8..8##.#
..#
#8..@.8#.#
.#...
#$....}#.#
.#...
#)....$#.#
.##.#
#8....8#.#
.##.#
###8..8## #
.##.#
+.##)†##..#
.##.#
#........#
.##.#
#..#######
....##
##..#


You could see an adder skeleton (dormant).

Vanquished Creatures
  2 water moccasins (D:4)
  An iguana (D:4)
  A gnoll (D:1)
  5 adders (D:2)
  2 worms
  A dart slug (D:2)
  5 orcs
  5 ball pythons
  4 endoplasms
  3 giant cockroaches
  6 goblins
  4 hobgoblins (D:2)
  2 jackals (D:1)
  3 quokkas
  6 bats
  3 frilled lizards
  4 kobolds
  4 rats
61 creatures vanquished.

Notes
Turn   | Place    | Note
-------+----------+-------------------------------------------
     0 | D:1      | Revguard the Hill Orc Fighter began the quest for the Orb.
     0 | D:1      | Reached XP level 1. HP: 19/19 MP: 1/1
   555 | D:1      | Reached XP level 2. HP: 19/27 MP: 2/2
  1220 | D:2      | Reached skill level 4 in Fighting
  1220 | D:2      | Reached XP level 3. HP: 9/33 MP: 3/3
  1677 | D:2      | Reached skill level 1 in Dodging
  1727 | D:2      | Found a faded altar of an unknown god.
  1768 | D:2      | Reached XP level 4. HP: 40/40 MP: 4/4
  3382 | D:3      | Found a shimmering altar of Xom.
  3513 | D:3      | Found a glowing silver altar of Zin.
  3673 | D:3      | Reached XP level 5. HP: 44/47 MP: 5/5
  3877 | D:4      | Noticed a water moccasin
  3885 | D:4      | Killed a water moccasin
  3886 | D:4      | Reached XP level 6. HP: 48/55 MP: 6/6
  3931 | D:4      | Found a large runed translucent door.
  3931 | D:4      | Found a large runed translucent door.
  3935 | D:4      | Noticed a water moccasin
  3950 | D:4      | Killed a water moccasin
  3951 | D:4      | Reached skill level 5 in Fighting
  3951 | D:4      | Found a large runed translucent door.
  3951 | D:4      | Found a large runed translucent door.
  3954 | D:4      | HP: 2/56 [poisoned by a water moccasin]
  3956 | D:4      | Succumbed to a water moccasin's poison

Illustrated notes

Levels and vault maps discovered:
D:1:      elethiomel_arrival_infinity_welcomes_careful_drivers, layout_basic
D:2:      layout_basic, hellmonk_ecumenical_altar_heavens_door,
          grunt_decor_fettered, minivault_25
D:3:      layout_loops_cross, zin_academy, amcnicky_altar_gilded,
          item_on_display_a
D:4:      layout_basic, trog_butcher_becter, minmay_hollow_rounded_squares,
          uniq_edmund

Skill      XL: |  1  2  3  4  5  6 |
---------------+-------------------+-----
Axes           | 3 4 |  4.6
Fighting       | 4 5 |  5.0
Dodging        | 1 2 |  2.1
Shields        | 4 |  4.6
Armour         | 4 |  4.5

Action                   |  1- 3 |  4- 6 || total
-------------------------+-------+-------++-------
Melee: War axe           |    89 |   114 ||   203
  Use: Scroll            |       |     8 ||     8
       Potion            |       |     4 ||     4
Armor: Scale mail        |    48 |    63 ||   111
Dodge: Dodged            |    57 |    67 ||   124
Block: Buckler           |    26 |    44 ||    70
